 Dungeon Crawl Stone Soup version 0.25.1-2-g60ff931df9 (webtiles) character file.

Game seed: 8827835831410232207

6469 MajorAdolf the Covert (level 11, -11/104 HPs)
             Began as a Naga Wanderer on Oct 6, 2020.
             Was a High Priest of Cheibriados.
             Mangled by an orc knight
             ... wielding a +0 great mace
              (24 damage)
             ... on level 1 of the Orcish Mines.
             The game lasted 00:44:19 (17229 turns).

MajorAdolf the Covert (Naga Wanderer)              Turns: 17229, Time: 00:44:19

Health: -11/104    AC:  6    Str: 30    XL:     11   Next: 0%
Magic:  25/25      EV: 10    Int: 28    God:    Cheibriados [*****.]
Gold:   530        SH:  0    Dex: 25    Spells: 10/10 levels left

rFire    . . .     SeeInvis +   v - +2 halberd (elec)
rCold    . . .     Gourm    .   (shield currently unavailable)
rNeg     . . .     Faith    .   e - +0 robe
rPois    +         Spirit   .   (no helmet)
rElec    .         Reflect  .   I - +0 cloak
rCorr    .         Harm     .   t - +0 pair of gloves
MR       ++...                  (no barding)
Stlth    ++........             (no amulet)
HPRegen  0.27/turn              i - ring of protection from magic
MPRegen  0.19/turn              s - ring of magical power

@: confused, studying Polearms, very slow
A: large, see invisible, deformed body, poison resistance, slowness 2, slow
metabolism 1, spit poison 1, AC +3
a: Spit Poison, Bend Time, Temporal Distortion, Slouch, Step From Time, Renounce
Religion


You were on level 1 of the Orcish Mines.
You worshipped Cheibriados.
Cheibriados was extremely pleased with you.
You were not hungry.

You visited 3 branches of the dungeon, and saw 12 of its levels.
You also visited: Sewer and Bailey.

You collected 530 gold pieces.

Inventory:

Hand Weapons
 r - a +0 hunting sling
 v - a +2 halberd of electrocution (weapon)
Missiles
 h - 178 stones (quivered)
 n - 22 bolts
 u - 36 sling bullets
 y - 18 poisoned darts
Armour
 e - a +0 robe (worn)
 m - a +0 buckler
 t - a +0 pair of gloves (worn)
 I - a +0 cloak (worn)
Magical Staves
 H - an uncursed staff of fire
Jewellery
 b - an uncursed amulet of faith
 i - a ring of protection from magic (left hand)
 o - an uncursed ring of wizardry
 q - a +6 ring of intelligence
 s - a ring of magical power (right hand)
Wands
 z - a wand of iceblast (1)
 B - a wand of digging (7)
Scrolls
 d - 5 scrolls of teleportation
 f - 3 scrolls of fog
 j - 5 scrolls of remove curse
 l - a scroll of identify
 p - 2 scrolls of amnesia
 G - a scroll of immolation {unknown}
 K - a scroll of acquirement {unknown}
Potions
 a - 3 potions of brilliance
 c - 6 potions of curing
 k - a potion of ambrosia
 w - a potion of experience
 x - 5 potions of magic
 A - 4 potions of mutation
 C - 2 potions of invisibility
 F - a potion of stabbing
Books
 D - a manual of Polearms
Comestibles
 g - 26 rations


   Skills:
 + Level 8.5 Fighting
   Level 3.0 Long Blades
 - Level 5.0 Polearms
 - Level 1.0 Throwing
 - Level 1.1 Dodging
 + Level 13.3 Stealth
 - Level 2.4 Shields
 - Level 1.0 Unarmed Combat
 + Level 6.3 Invocations
 + Level 7.8 Evocations


You had 10 spell levels left.
You didn't know any spells.
Your spell library contained the following spells:

 Spells                   Type           Power        Failure   Level  Hunger
 Animate Skeleton         Necr           N/A          11%         1    ##.....
 Apportation              Tloc           #.....       11%         1    ##.....
 Corona                   Hex            #......      11%         1    ##.....
 Summon Small Mammal      Summ           #...         11%         1    ##.....
 Bolt of Magma            Conj/Fire/Erth #.........   97%         5    ######.
 Iskenderun's Battlesphe  Conj/Chrm      #.......     97%         5    ######.
 Iron Shot                Conj/Erth      #.........   100%        6    #######
 Orb of Destruction       Conj           #.........   100%        7    #######
 Spellforged Servitor     Conj/Summ      #.........   100%        7    #######


Dungeon Overview and Level Annotations

Branches:
Dungeon (9/15)             Temple (1/1) D:4            Lair (0/6) D:9
    Orc (2/2) D:9           Sewer (visited)          Bailey (visited)
    Elf: Orc:2

Altars:
Ashenzari
Cheibriados
Dithmenos
Elyvilon
Fedhas
Hepliaklqana
Kikubaaqudgha
Makhleb
Nemelex Xobeh
Okawaru
Qazlal
Ru
Sif Muna
Trog
Uskayaw
Vehumet
Wu Jian
Xom
Yredelemnul
Zin
The Shining One

Annotations:
D:5 2 transporters
D:6 Maggie
D:8 Harold


Innate Abilities, Weirdness & Mutations

You cannot wear boots.
Your serpentine skin is tough. (AC +3)
You have supernaturally acute eyesight. (SInv)
Armour fits poorly on your strangely shaped body.
Your system is resistant to poisons. (rPois)
You cover ground very slowly.
You have a slow metabolism.
You can spit poison.


Message History

There is a stone staircase leading down, spattered with blood here.
Unknown command.
Unknown command.
Okay, then.
Okay, then.
Evoke which item? (* to show all) (? for menu, Esc to quit)
Okay, then.
You are confused.
You feel invigorated. The warg bites you but does no damage.
The orc knight roars a battlecry!
The orcs go into a battle-frenzy!
The warg barely misses you.
Okay, then.
Okay, then.
The warg misses you.
The orc knight hits you with a +0 great mace!
* * * LOW HITPOINT WARNING * * *
The warg barely misses you.
The orc knight hits you with a +0 great mace!!
You die...

#.............#.
##...............
##.............#..
#................
#..##.........#
#...##........##.
##...#..o.o.......
#.##.......#
o........##..........
.#.#.....#........#..
.. ##.#.#........## .
. #.###........# ..
##......... .#.
.........


You could see an orc knight, a warg, an orc wizard (strong) and 2 orcs.

Vanquished Creatures
  Pikel (D:8)
  A cyclops (D:8)
  A komodo dragon (D:9)
  6 yaks
  A hungry ghost (D:8)
  Edmund (D:4)
  A warg (D:9)
  A water moccasin (D:8)
  A black bear (D:9)
  An ice beast (D:6)
  6 orc warriors
  2 sky beasts
  A phantom (D:4)
  2 ogres (D:7)
  7 centaurs
  5 bullfrogs
  A wyvern skeleton (D:6)
  A scorpion (D:5)
  6 killer bees
  3 wights (D:9)
  4 howler monkeys
  A centaur zombie (D:7)
  3 crimson imps
  A quasit (D:8)
  A bullfrog zombie (D:9)
  4 orc priests
  4 hounds
  A jelly (D:5)
  3 bullfrog skeletons
  A centaur skeleton (D:7)
  2 gnoll shamans
  4 iguanas
  2 orc wizards
  6 worker ants
  15 adders
  20 gnolls
  2 howler monkey skeletons (D:4)
  6 shadow imps
  5 oozes (Sewer)
  3 adder zombies
  An adder skeleton (D:6)
  5 worms
  A dart slug (D:1)
  3 leopard geckos
  17 orcs
  4 ball pythons
  10 giant cockroaches
  4 goblins
  18 hobgoblins
  13 jackals
  2 quokkas
  13 bats
  6 frilled lizards
  14 kobolds
  A quokka skeleton (D:9)
  9 rats
258 creatures vanquished.

Vanquished Creatures (others)
  A slave (D:8)
  An ogre (D:4)
  A bullfrog (D:9)
  A hound (D:8)
  An adder (D:8)
  A quokka (D:9)
  A quokka skeleton (D:4)
  6 plants (D:9)
13 creatures vanquished.

Grand Total: 271 creatures vanquished

Notes
Turn   | Place    | Note
-------+----------+-------------------------------------------
     0 | D:1      | MajorAdolf the Naga Wanderer began the quest for the Orb.
     0 | D:1      | MajorAdolf set off with the following items: a +0 club, a
                  | potion of berserk rage, a potion of curing, a scroll of
                  | teleportation, a +0 robe, a potion of haste, a ration
     0 | D:1      | Reached XP level 1. HP: 19/19 MP: 1/1
     6 | D:1      | Noticed a komodo dragon
     6 | D:1      | Noticed a lindwurm
     7 | D:1      | Noticed a black bear
     7 | D:1      | Noticed an anaconda
   228 | D:1      | Reached skill level 2 in Stealth
   382 | D:1      | Reached skill level 3 in Stealth
   382 | D:1      | Reached XP level 2. HP: 18/26 MP: 2/2
  1034 | D:1      | Reached skill level 4 in Stealth
  1466 | D:1      | Reached XP level 3. HP: 32/32 MP: 3/3
  2437 | D:2      | Reached skill level 5 in Stealth
  2762 | D:3      | You fall into a shaft and drop 1 floor!
  2769 | D:4      | Killed an ogre
  2924 | D:3      | Found a shimmering blue altar of Sif Muna.
  3218 | D:3      | Reached XP level 4. HP: 27/39 MP: 4/4
  3786 | D:3      | Noticed a moth of wrath
  3788 | D:3      | Found a bloodstained altar of Trog.
  4392 | D:1      | Reached XP level 5. HP: 33/46 MP: 5/5
  4504 | D:2      | Reached skill level 6 in Stealth
  4731 | D:4      | Found a staircase to the Ecumenical Temple.
  4738 | Temple   | Entered the Ecumenical Temple
  4984 | Temple   | Became a worshipper of Cheibriados the Contemplative
  5036 | D:4      | Found a radiant altar of Vehumet.
  5193 | D:4      | Noticed Edmund
  5203 | D:4      | Killed Edmund
  5203 | D:4      | Reached skill level 7 in Stealth
  5203 | D:4      | Reached skill level 1 in Evocations
  5203 | D:4      | Reached XP level 6. HP: 29/56 MP: 6/6
  5925 | D:5      | Entered Level 5 of the Dungeon
  6109 | D:5      | Noticed a phantom
  6142 | D:4      | Killed a phantom
  6142 | D:4      | Reached XP level 7. HP: 36/64 MP: 8/8
  6346 | D:5      | Found a stormy altar of Qazlal.
  6402 | D:5      | Reached skill level 8 in Stealth
  6409 | D:5      | Reached * piety under Cheibriados
  6563 | D:5      | Found a transporter.
  6927 | D:5      | Reached skill level 9 in Stealth
  6927 | D:5      | Reached XP level 8. HP: 26/73 MP: 10/10
  7167 | D:5      | Found a transporter.
  7373 | D:6      | Found a glowing drain.
  7398 | D:6      | Reached skill level 5 in Fighting
  7416 | Sewer    | Entered a sewer
  7682 | Sewer    | Reached ** piety under Cheibriados
  8532 | D:6      | Noticed Maggie
  9134 | D:7      | Found a flagged portal.
  9143 | Bailey   | Entered a bailey
  9260 | Bailey   | Reached *** piety under Cheibriados
  9539 | Bailey   | Reached skill level 10 in Stealth
  9865 | Bailey   | Reached skill level 5 in Evocations
 10311 | D:6      | Noticed a yak
 10394 | D:6      | Killed a yak
 10394 | D:6      | Reached skill level 1 in Invocations
 10394 | D:6      | Reached XP level 9. HP: 59/82 MP: 13/13
 10439 | D:6      | Reached **** piety under Cheibriados
 10849 | D:6      | Reached skill level 11 in Stealth
 11335 | D:6      | Found an ancient bone altar of Kikubaaqudgha.
 11336 | D:6      | Found a blossoming altar of Fedhas.
 12797 | D:7      | Found a stormy altar of Qazlal.
 12859 | D:7      | Reached skill level 1 in Polearms
 13459 | D:8      | Got a blackened long sword
 13462 | D:8      | Identified the +3 long sword of Immorality {vorpal, rF- rC+
                  | rN+ Dex+5} (You found it on level 8 of the Dungeon)
 13486 | D:8      | Found an iron altar of Okawaru.
 13639 | D:8      | Noticed a cyclops
 13643 | D:8      | Killed a cyclops
 13812 | D:8      | Reached ***** piety under Cheibriados
 13877 | D:8      | Reached skill level 12 in Stealth
 13877 | D:8      | Reached XP level 10. HP: 93/94 MP: 14/14
 13892 | D:8      | Noticed Pikel
 13903 | D:8      | Killed Pikel
 14044 | D:8      | Found a burning altar of Makhleb.
 14045 | D:8      | Found a glowing golden altar of the Shining One.
 14064 | D:8      | Found a sacrificial altar of Ru.
 14470 | D:8      | Reached skill level 5 in Invocations
 14477 | D:8      | Found a hazy altar of Hepliaklqana.
 14630 | D:8      | Noticed Harold
 14937 | D:9      | Reached skill level 5 in Polearms
 15453 | D:9      | Found a shimmering altar of Xom.
 15658 | D:9      | Found a staircase to the Lair.
 15925 | D:9      | Found a hide-covered altar of Uskayaw.
 15930 | D:9      | Found a staircase to the Orcish Mines.
 16325 | D:9      | Reached skill level 13 in Stealth
 16551 | D:9      | HP: 1/98 [yak (9)]
 17188 | Orc:1    | Entered Level 1 of the Orcish Mines
 17205 | Orc:1    | Noticed an orc knight
 17210 | Orc:2    | Entered Level 2 of the Orcish Mines
 17220 | Orc:2    | Reached XP level 11. HP: 39/104 MP: 16/16
 17229 | Orc:1    | Mangled by an orc knight

Illustrated notes

Levels and vault maps discovered:
D:1:      onia_arrival_zoo_common, layout_basic, minmay_misc_feat_cross
D:2:      layout_basic, wad_floor_pattern_untrapped
D:3:      layout_rooms, old_standard_altar, tgw_trog, first_ration
D:4:      layout_rooms, fiery_altar_vehumet, minmay_temple_entry_glassed_door,
          uniq_edmund
D:5:      gammafunk_steamed_eel, layout_rooms, old_standard_altar, minivault_24,
          minmay_manual_mares
D:6:      layout_cave_pools, lemuel_round_altar,
          grunt_temple_overflow_growth_and_decay, cheibrodos_sewer_entry_drain,
          minmay_misc_feat_tower, minmay_divided_ellipse, uniq_maggie
D:7:      layout_cave_pools, enter_bailey_1, grunt_ogre_cave,
          nicolae_qazlal_eye_of_the_storm
D:8:      layout_loops_corners, marbit_many_paths, okawaru_trees_1,
          old_standard_altar, gammafunk_temple_overflow_pools,
          corexii_checkpoint_b, uniq_harold, uniq_pikel
D:9:      layout_stronghold, kennysheep_mini_moat, david_lair_shrubbed,
          david_orc_3, chequers_serial_rivers_micro_c, xom_confusion_cloud
Temple:   jpeg_temple_island
Orc:1:    cheibrodos_orc_arena, layout_caves, rock_pile
Orc:2:    st_orc_town, layout_diamond_mine, basic_altar, serial_shops,
          nicolae_shop_statue_plus, nicolae_orc_bridge_out,
          nicolae_orc_lava_tube

Skill      XL: |  1  2  3  4  5  6  7  8  9 10 |
---------------+-------------------------------+-----
Stealth        | 3 4 5 7 9 10 12 13 | 13.3
Shields        | 2 |  2.4
Fighting       | 3 4 6 7 8 |  8.5
Evocations     | 1 2 3 5 6 7 |  7.8
Invocations    | 1 4 6 |  6.3
Polearms       | 3 5 |  5.0
Long Blades    | |  3.0
Throwing       | |  1.0
Dodging        | |  1.1
Unarmed Combat | |  1.0

Action                   |  1- 3 |  4- 6 |  7- 9 | 10-12 || total
-------------------------+-------+-------+-------+-------++-------
Melee: Short sword       |    13 |       |       |       ||    13
       Dagger            |    50 |    31 |       |       ||    81
       Punch             |     1 |       |       |       ||     1
       Dire flail        |       |    20 |   111 |       ||   131
       Halberd           |       |       |   164 |   155 ||   319
 Fire: Hunting sling     |       |    25 |    11 |       ||    36
Throw: Throwing net      |     1 |       |       |       ||     1
 Abil: Spit Poison       |    44 |    38 |    13 |     1 ||    96
Evoke: Wand              |       |     4 |     3 |       ||     7
  Use: Scroll            |     5 |       |    13 |     5 ||    23
       Potion            |       |     1 |     7 |     8 ||    16
 Stab: Sleeping          |     1 |     1 |    13 |    23 ||    38
       Distracted        |       |       |     4 |     5 ||     9
       Confused          |       |       |       |     1 ||     1
       Fleeing           |       |       |       |     1 ||     1
  Eat: Chunk             |     8 |    10 |    13 |     7 ||    38
Armor: Robe              |    30 |    14 |   116 |    36 ||   196
       Skin              |       |     5 |       |       ||     5
Dodge: Dodged            |    21 |    52 |   240 |    89 ||   402
Block: Buckler           |     9 |     9 |       |       ||    18
